 Dungeon Crawl Stone Soup version 0.19-a0-611-gb5a7e8d (webtiles) character file.

15345 shmeve the Blocker (level 12, -3/160 HPs)
             Began as a Minotaur Berserker on June 12, 2016.
             Was a High Priest of Trog.
             Slain by a death yak (19 damage)
             ... on level 1 of the Lair of Beasts.
             The game lasted 00:22:56 (8262 turns).

shmeve the Blocker (Minotaur Berserker)             Turns: 8262, Time: 00:22:57

Health: -3/160     AC: 16    Str: 31    XL:     12   Next: 0%
Magic:  3/3        EV: 14    Int:  4    God:    Trog [*****.]
Gold:   230        SH: 14    Dex: 11    Spells: 0 memorised, 11 levels left

rFire  + . .     SeeInvis .     J - +3 broad axe (antimagic)
rCold  . . .     Gourm    .     B - +0 chain mail
rNeg   . . .     Faith    .     E - +0 shield
rPois  .         Spirit   .     (helmet restricted)
rElec  .         Dismiss  .     k - +2 cloak
rCorr  .         Reflect  .     w - +0 pair of gloves
SustAt .         Harm     .     v - +0 pair of boots (curse)
MR     .....                    G - amulet of regeneration
Stlth  ..........               M - ring of protection from fire
                                r - +3 ring of evasion

@: berserking, very quick, not resistant to hostile enchantments, extremely
unstealthy
A: retaliatory headbutt, horns 2
a: Berserk, Trog's Hand, Brothers in Arms, Burn Spellbooks, Renounce Religion


You were on level 1 of the Lair of Beasts.
You worshipped Trog.
Trog was extremely pleased with you.
You were not hungry.

You visited 2 branches of the dungeon, and saw 10 of its levels.

You collected 769 gold pieces.
You spent 539 gold pieces at shops.

Inventory:

Hand Weapons
 J - a +3 antimagic broad axe (weapon)
 R - a +5 hunting sling of flaming
Missiles
 l - 120 sling bullets
Armour
 k - a +2 cloak (worn)
 v - a cursed +0 pair of boots (worn)
 w - a +0 pair of gloves (worn)
 B - a +0 chain mail (worn)
 E - a +0 shield (worn)
Jewellery
 r - a +3 ring of evasion (left hand)
 G - an amulet of regeneration (around neck)
 M - a ring of protection from fire (right hand)
Wands
 K - a wand of digging (11/24)
 O - a wand of lightning (8/15)
 Q - a wand of flame (31/48)
 S - a wand of flame (26/48)
Scrolls
 b - 2 scrolls of fog {unknown}
 d - 12 scrolls of identify
 e - a scroll of magic mapping {unknown}
 g - 3 scrolls of amnesia {unknown}
 h - 2 scrolls of recharging {unknown}
 o - 7 scrolls of remove curse
 p - 6 scrolls of teleportation {unknown}
 t - 2 scrolls of enchant weapon {unknown}
 y - 2 scrolls of noise {unknown}
 z - 2 scrolls of blinking {unknown}
 P - a scroll of immolation {unknown}
Potions
 f - 3 potions of flight {unknown}
 i - 3 potions of heal wounds {unknown}
 j - a potion of lignification {unknown}
 n - a potion of cure mutation {unknown}
 q - 3 potions of mutation {unknown}
 s - a potion of resistance {unknown}
 x - a potion of might {unknown}
 A - a potion of agility {unknown}
 C - a potion of brilliance {unknown}
 D - a potion of haste {unknown}
 F - 6 potions of curing
 H - 2 potions of berserk rage {unknown}
 N - a potion of cancellation {unknown}
Books
 m - an Akashic Record

   Spells                             Type                      Level
   a - Dispersal                      Translocation                6
   b - Malign Gateway                 Summoning/Translocation      7
   c - Disjunction                    Translocation                8
   d - Controlled Blink               Translocation                8
   Trog disapproves of the use of such an item.
Comestibles
 a - 4 meat rations
 c - 6 bread rations
 u - 2 chunks of flesh
 I - 16 fruits
 L - 6 slices of pizza


   Skills:
 * Level 10.4 Fighting
 * Level 10.6 Axes
 + Level 8.6 Slings
 + Level 7.1 Armour
 + Level 6.4 Dodging
 * Level 13.0 Shields


You had 11 spell levels left.
You didn't know any spells.

Dungeon Overview and Level Annotations

Branches:
Dungeon (9/15)             Temple (0/1) D:4            Lair (1/6) D:9
    Orc: D:9-12

Altars:
Ashenzari
Cheibriados
Elyvilon
Hepliaklqana
Kikubaaqudgha
Makhleb
Nemelex Xobeh
Pakellas
Qazlal
Sif Muna
Uskayaw

Shops:
D:7 ?   D:8 ([=*


Innate Abilities, Weirdness & Mutations

You reflexively headbutt those who attack you in melee.
You have a pair of horns on your head.


Message History

The death yak is heavily wounded.
The death yak closely misses you. You furiously retaliate!
You headbutt the death yak, but do no damage.
You block the death yak's attack.
You slice the death yak!! You headbutt the death yak!
You feel the power of Trog in you as your rage grows.
You kill the death yak!
Trog accepts your kill.
Your Shields skill increases to level 13!
You have reached level 12!
Your experience leads to an increase in your attributes!
Your base attributes are Str 25, Int 4, Dex 10.
Increase (S)trength, (I)ntelligence, or (D)exterity?
You feel stronger.
You feel agile.
You slice the death yak!!
The death yak is severely wounded.
You slash the death yak!
The death yak is moderately wounded.
The death yak completely misses you. The death yak gores you!!
You die...

#........####. #.
#.....P.....#...#. ##.
......#.....#.....
#...#.....#.....#.....
#..#.....#.....#...P.
#..#.##..#.....#...#.
#..............#...#.
####.lY†...........####.
..r(rrr@................
..(###Y####.........†...
## #.............
#...........P.
#.....#####P.. ##......#
###. #......## #..
##.....## ####.
#......P###..#.


You could see 2 death yaks, an iguana and 4 river rats.

Vanquished Creatures
  A hydra (D:8)
  Erolcha (D:8)
  3 death yaks (Lair:1)
  Pikel (D:8)
  An ugly thing (D:9)
  A black mamba (Lair:1)
  Joseph (D:8)
  Maurice (D:8)
  A komodo dragon (Lair:1)
  The ghost of Thrkk the Chopper, an amateur FoFi (D:4)
  5 water moccasins
  9 yaks
  2 hippogriffs (Lair:1)
  4 hungry ghosts
  Grum (D:8)
  2 vampire mosquitoes (D:8)
  Duvessa (D:7)
  A porcupine (Lair:1)
  An orc warrior (D:9)
  A black bear (D:7)
  2 ice beasts (D:8)
  A slave (D:8)
  5 phantoms
  5 sky beasts
  12 wolves
  6 centaurs
  2 ogres
  A crocodile (D:9)
  9 big kobolds
  8 giant frogs
  A wyvern zombie (D:6)
  Dowan (D:7)
  12 killer bees
  6 wights
  4 electric eels
  A howler monkey (D:4)
  3 crimson imps
  A quasit (D:6)
  A jelly (D:9)
  A centaur zombie (D:6)
  A gnoll shaman (D:8)
  4 hounds
  5 orc priests
  Crazy Yiuf (D:2)
  Terence (D:3)
  5 orc wizards
  2 iguanas (D:9)
  11 worker ants
  A killer bee zombie (D:8)
  2 sheep (D:8)
  A giant frog simulacrum (D:8)
  A wasp simulacrum (D:8)
  A hound zombie (D:9)
  Robin (D:3)
  A howler monkey zombie (D:5)
  4 gnolls
  10 adders
  3 river rats (Lair:1)
  A shadow imp (D:8)
  4 white imps (D:8)
  2 adder skeletons (D:9)
  4 worms
  6 giant geckos
  25 orcs
  A ball python (D:1)
  11 giant cockroaches
  14 goblins
  13 hobgoblins
  4 jackals (D:3)
  43 kobolds
  5 quokkas
  13 bats
  6 giant newts
  A jackal skeleton (D:4)
  17 rats
  3 fungi (D:9)
  A plant (D:9)
350 creatures vanquished.

Vanquished Creatures (others)
  A yak (D:4)
  A slave (D:8)
  A gnoll (D:8)
  An adder (D:8)
4 creatures vanquished.

Grand Total: 354 creatures vanquished

Notes
Turn   | Place    | Note
--------------------------------------------------------------
     0 | D:1      | shmeve the Minotaur Berserker began the quest for the Orb.
     0 | D:1      | Reached XP level 1. HP: 19/19 MP: 0/0
   238 | D:1      | Reached XP level 2. HP: 23/27 MP: 1/1
   861 | D:2      | Reached XP level 3. HP: 30/33 MP: 2/2
   902 | D:2      | Reached ** piety under Trog
  1182 | D:2      | Found a shattered altar of Ashenzari.
  1466 | D:2      | Found a faded altar of an unknown god.
  1496 | D:2      | You fall through a shaft for 2 floors!
  1528 | D:4      | Found a staircase to the Ecumenical Temple.
  1541 | D:4      | Found an ancient bone altar of Kikubaaqudgha.
  1557 | D:4      | Noticed a phantom
  1604 | D:4      | Killed a phantom
  1604 | D:4      | Reached skill level 5 in Axes
  1604 | D:4      | Reached XP level 4. HP: 22/41 MP: 3/3
  1604 | D:4      | Reached XP level 5. HP: 26/47 MP: 4/4
  1732 | D:4      | Noticed Thrkk's ghost (amateur FoFi)
  1747 | D:4      | Killed Thrkk's ghost
  1747 | D:4      | Reached skill level 5 in Fighting
  1747 | D:4      | Reached XP level 6. HP: 56/56 MP: 5/5
  1765 | D:4      | Found a stormy altar of Qazlal.
  1974 | D:4      | Found an oddly glowing altar of Pakellas.
  1976 | D:3      | Found an oddly glowing altar of Pakellas.
  1976 | D:3      | Found a white marble altar of Elyvilon.
  1976 | D:3      | Noticed Terence
  1986 | D:3      | Killed Terence
  2082 | D:2      | Noticed Crazy Yiuf
  2086 | D:2      | Killed Crazy Yiuf
  2435 | D:3      | Reached XP level 7. HP: 61/63 MP: 6/6
  2550 | D:3      | Noticed Robin
  2551 | D:3      | Found a deep blue altar of Sif Muna.
  2551 | D:3      | Found a hide-covered altar of Uskayaw.
  2553 | D:3      | Reached *** piety under Trog
  2557 | D:3      | Killed Robin
  2578 | D:3      | Found a snail-covered altar of Cheibriados.
  2898 | D:4      | Noticed a yak
  2898 | D:4      | Killed a yak
  2898 | D:4      | Noticed an acid blob
  3112 | D:5      | Entered Level 5 of the Dungeon
  3123 | D:5      | Reached skill level 1 in Slings
  3259 | D:5      | Found a burning altar of Makhleb.
  3374 | D:5      | Reached skill level 1 in Shields
  3460 | D:5      | Reached skill level 2 in Shields
  3662 | D:5      | Reached skill level 3 in Shields
  3875 | D:6      | Reached skill level 4 in Shields
  3875 | D:6      | Reached XP level 8. HP: 63/71 MP: 7/7
  4131 | D:6      | Reached skill level 5 in Shields
  4332 | D:6      | Reached skill level 6 in Shields
  4381 | D:6      | Reached **** piety under Trog
  4592 | D:6      | Reached skill level 7 in Shields
  4608 | D:6      | Reached skill level 5 in Slings
  4692 | D:6      | Reached skill level 8 in Shields
  4751 | D:6      | Found a hazy altar of Hepliaklqana.
  4758 | D:6      | Reached XP level 9. HP: 60/78 MP: 8/8
  5214 | D:7      | Reached skill level 9 in Shields
  5366 | D:7      | Reached ***** piety under Trog
  5383 | D:7      | Reached skill level 10 in Shields
  5398 | D:7      | Noticed Duvessa
  5399 | D:7      | Noticed Dowan
  5405 | D:7      | Killed Duvessa
  5406 | D:7      | Killed Dowan
  5408 | D:7      | Found a sparkling altar of Nemelex Xobeh.
  5558 | D:7      | Found Idynkuor's Magic Scroll Boutique.
  5573 | D:7      | Bought a scroll of identify for 28 gold pieces
  5573 | D:7      | Bought a scroll of identify for 28 gold pieces
  5573 | D:7      | Bought a scroll of remove curse for 42 gold pieces
  5573 | D:7      | Bought a scroll of remove curse for 42 gold pieces
  5573 | D:7      | Bought 3 scrolls of identify for 84 gold pieces
  5642 | D:8      | Found Feut Gimmatt's Jewellery Emporium.
  5647 | D:8      | Received a gift from Trog
  5661 | D:8      | Bought a +3 ring of evasion for 273 gold pieces
  5689 | D:8      | Found Gohou's General Store.
  5694 | D:8      | Bought a potion of curing for 42 gold pieces
  5717 | D:8      | Noticed Grum
  5727 | D:8      | Killed Grum
  5757 | D:8      | Noticed Maurice
  5778 | D:8      | Killed Maurice
  5778 | D:8      | Reached skill level 5 in Armour
  5778 | D:8      | Reached skill level 11 in Shields
  5778 | D:8      | Reached XP level 10. HP: 69/86 MP: 3/9
  6042 | D:8      | Noticed Pikel
  6055 | D:8      | Killed Pikel
  6190 | D:8      | Noticed a three-headed hydra
  6190 | D:8      | Noticed Joseph
  6200 | D:8      | Killed a ten-headed hydra
  6200 | D:8      | Reached skill level 5 in Dodging
  6207 | D:8      | Killed Joseph
  6300 | D:8      | Found Tidonuaw's Weapon Boutique.
  6324 | D:8      | Noticed Erolcha
  6346 | D:8      | Killed Erolcha
  6363 | D:8      | Found Tamiu's Armour Emporium.
  6400 | D:8      | Reached XP level 11. HP: 64/95 MP: 3/10
  6660 | D:8      | Reached skill level 12 in Shields
  7315 | D:9      | Received a gift from Trog
  7616 | D:9      | Noticed a purple ugly thing
  7628 | D:9      | Killed a purple ugly thing
  7765 | D:9      | Found a staircase to the Lair.
  7895 | Lair:1   | Entered Level 1 of the Lair of Beasts
  7978 | Lair:1   | Reached skill level 10 in Axes
  8027 | Lair:1   | Reached skill level 10 in Fighting
  8241 | Lair:1   | Noticed a death yak
  8241 | Lair:1   | Noticed a death yak
  8246 | Lair:1   | Noticed a death yak
  8248 | Lair:1   | Noticed a death yak
  8249 | Lair:1   | Noticed a death yak
  8255 | Lair:1   | Killed a death yak
  8259 | Lair:1   | Killed a death yak
  8262 | Lair:1   | Killed a death yak
  8262 | Lair:1   | Reached skill level 13 in Shields
  8262 | Lair:1   | Reached XP level 12. HP: 15/107 MP: 3/11
  8262 | Lair:1   | Slain by a death yak

Vault maps used:
D:1:      dpeg_arrival_fog, minmay_misc_feat_iff, grunt_decor_mini_mirrors,
          minmay_cupped
D:2:      evilmike_ruin_ashenzari, ecumenical_altar_2, uniq_crazy_yiuf_cottage
D:3:      grunt_temple_overflow_open, uniq_robin, uniq_terence
D:4:      kiku_gazebo_garden_becter, grunt_qazlal_clouds,
          minmay_temple_entry_junction2, minivault_23,
          gammafunk_pakellas_its_alive
D:5:      kennysheep_mini_moat, first_bread, hangedman_decor_slide_cut,
          serial_park_tiny_2
D:6:      minmay_goblin_kobold_castle, basic_altar
D:7:      nemelex_xobeh_ov_fountains_minmay, serial_shops, shop, uniq_duvessa
D:8:      serial_ice, serial_ice_a, serial_ice_c, serial_ice_f, serial_ice_k,
          serial_shops, shop, shop_fountains, shop, nicolae_shop_behind_doors,
          hangedman_ranch, uniq_erolcha, uniq_maurice, uniq_pikel, uniq_grum,
          uniq_joseph
D:9:      grunt_lair_entry_orc_guard_hut
Lair:1:   zaba_antful_of_joy, uniq_urug

Skill      XL: |  1  2  3  4  5  6  7  8  9 10 11 |
---------------+----------------------------------+-----
Axes           | 4 5 6 7 8 10 | 10.6
Fighting       | 4 5 6 7 8 10 | 10.4
Armour         | 3 4 5 6 7 |  7.1
Dodging        | 3 4 5 6 |  6.4
Slings         | 3 5 7 8 |  8.6
Shields        | 4 8 11 13 | 13.0

Action                   |  1- 3 |  4- 6 |  7- 9 | 10-12 || total
-------------------------+-------+-------+-------+-------++-------
Melee: Hand axe          |   100 |       |       |       ||   100
       Headbutt          |    10 |    15 |    62 |    77 ||   164
       War axe           |       |    49 |   291 |       ||   340
       Broad axe         |       |       |    41 |   403 ||   444
 Fire: Hunting sling     |       |       |       |    11 ||    11
Invok: Berserk           |       |     1 |     4 |     5 ||    10
       Burn Spellbooks   |       |       |     1 |     2 ||     3
       Trog's Hand       |       |       |       |     1 ||     1
  Eat: Chunk             |     2 |       |    25 |    16 ||    43
       Meat ration       |       |     1 |       |       ||     1
Armor: Animal skin       |    11 |       |       |       ||    11
       Scale mail        |    20 |    23 |    40 |       ||    83
       Chain mail        |       |       |   192 |   145 ||   337
Dodge: Dodged            |    58 |    18 |   172 |   181 ||   429
Block: Shield            |       |       |   185 |   302 ||   487
